Map: Kairos Junction LE

Players

OldGregg

  • Race: Zerg Zerg
  • League: Platinum
  • Spawn Location: 5:00

llllllllllll - Winner!

  • Race: Protoss Protoss
  • League: Platinum
  • Spawn Location: 11:00

VOD

Have the link to the VOD?

Description

Time

  • Played on: Dec. 16, 2018, 4:27 p.m.
  • Length: 13:41
Show
View Real Time Build Order
Export as new Build Order

OldGregg Zerg 

Build Orders: Pool First 

Get SALT Encoding   

  12  0:03  Drone  
  13  0:08  Drone  
  14  0:18  Overlord  
  14  0:36  Drone  
  14  0:37  Drone x2  
  17  0:53  Spawning Pool  
  17  0:55  Drone, Extractor  
  16  0:59  Drone  
  17  1:10  Drone  
  18  1:30  Hatchery, Drone  
  18  1:31  Drone  
  19  1:43  Queen  
  21  1:50  Zergling x2  
  22  2:01  Metabolic Boost  
  22  2:23  Overlord  
  22  2:24  Overlord  
  22  2:47  Zergling x8  
  26  3:09  Queen  
  26  3:10  Queen  
  30  3:15  Spore Crawler  
  30  3:17  Spore Crawler, Drone  
  30  3:18  Drone  
  30  3:19  Drone x2  
  31  3:27  Drone  
  31  3:39  Hatchery  
  29  3:42  Drone x3  
  29  3:43  Drone x3  
  29  3:48  Queen  
  37  3:59  Drone x2  
  37  4:16  Drone x2  
  37  4:17  Drone x2  
  41  4:18  Drone x3  
  44  4:34  Queen, Extractor x2  
  44  4:36  Roach Warren  
  44  4:38  Evolution Chamber  
  42  4:41  Overlord x2  
  42  4:55  Drone  
  42  4:56  Drone x2  
  42  4:58  Overlord x2  
  45  5:05  Queen  
  47  5:12  Drone x3  
  50  5:14  Overlord x2  
  50  5:19  Spore Crawler  
  50  5:20  Roach x2  
  50  5:21  Roach  
  55  5:28  Zerg Missile Weapons Level 1  
  55  5:29  Roach  
  55  5:34  Lair  
  57  5:43  Drone  
  57  5:44  Zergling x2  
  57  5:45  Queen  
  57  5:47  Drone  
  62  5:50  Roach  
  64  6:06  Roach x4  
  64  6:07  Roach  
  74  6:16  Overlord x3  
  74  6:21  Pneumatized Carapace  
  72  6:37  Hydralisk Den  
  69  6:42  Queen x2  
  71  6:49  Spore Crawler  
  71  6:50  Spore Crawler  
  69  6:57  Roach x3  
  75  7:04  Queen  
  77  7:16  Hydralisk x5  
  77  7:17  Queen  
  77  7:22  Ravager x3  
  88  7:23  Ravager  
  82  7:39  Queen  
  82  7:42  Hydralisk x3  
  85  7:49  Hydralisk  
  84  7:58  Ravager  
  85  8:03  Drone x5  
  85  8:05  Drone x4  
  94  8:16  Roach x3  
  100  8:23  Infestation Pit  
  100  8:26  Evolution Chamber  
  98  8:27  Overlord x3  
  91  8:42  Hydralisk x4  
  77  9:00  Extractor  
  68  9:09  Drone  
  68  9:10  Drone x8  
  75  9:18  Spire  
  74  9:39  Hive  
  74  9:41  Muscular Augments  
  74  9:43  Spore Crawler  
  73  9:48  Zergling x12  
  73  9:49  Zergling x16  
  79  10:04  Drone  
  79  10:05  Drone x6  
  84  10:13  Spore Crawler  
  84  10:14  Spore Crawler  
  82  10:17  Spore Crawler  
  68  10:35  Mutalisk x2  
  67  10:36  Mutalisk x4  
  79  10:54  Drone  
  79  10:55  Drone x8  
  79  10:56  Drone  
  89  11:01  Mutalisk x3  
  93  11:13  Hatchery  
  93  11:14  Mutalisk  
  93  11:15  Roach  
  93  11:18  Zergling x12  
  94  11:29  Spore Crawler  
  94  11:30  Mutalisk  
  94  11:31  Mutalisk  
  94  11:32  Extractor  
  96  11:35  Extractor  
  96  11:36  Zergling x4  
  96  11:39  Spore Crawler  
  96  11:42  Spore Crawler  
  96  11:43  Zerg Flyer Weapons Level 1  
  95  11:48  Mutalisk  
  97  11:59  Mutalisk  
  99  12:04  Mutalisk  
  101  12:12  Drone x3  
  101  12:13  Drone x3  
  99  12:26  Mutalisk x2  
  83  12:39  Mutalisk x2  
  83  12:43  Hydralisk  
  89  12:51  Drone  
  90  12:52  Drone  
  90  12:55  Drone x4  
  90  12:56  Drone x3  
  92  13:15  Drone x2  
  92  13:16  Drone x4  
Show
View Real Time Build Order
Export as new Build Order

llllllllllll Protoss - Winner!

Build Orders: 1 Gate Expand, Oracle Opening, Carriers 

Get SALT Encoding   

  12  0:01  Probe  
  13  0:13  Probe  
  14  0:20  Pylon  
  14  0:25  Probe  
  15  0:36  Probe  
  15  0:40  Gateway  
  16  0:44  Probe  
  16  0:49  Assimilator  
  17  0:52  Probe  
  18  1:05  Probe  
  19  1:18  Probe  
  20  1:28  Nexus  
  20  1:31  Probe  
  21  1:43  Probe  
  22  1:48  Assimilator  
  22  1:55  Probe  
  22  1:58  Cybernetics Core  
  23  2:11  Pylon  
  23  2:26  Probe  
  23  2:27  Zealot  
  24  2:34  Probe  
  26  2:41  Probe  
  26  2:43  Probe  
  28  2:49  Stargate  
  29  2:53  Probe, Zealot  
  29  2:56  Probe  
  33  3:05  Probe  
  34  3:08  Probe  
  34  3:09  Stargate  
  35  3:17  Probe  
  35  3:20  Probe  
  35  3:23  Oracle  
  36  3:29  Probe  
  36  3:32  Probe, Shield Battery  
  36  3:33  Zealot  
  41  3:39  Probe  
  41  3:44  Probe  
  41  3:47  Probe  
  44  3:55  Pylon  
  44  3:56  Probe  
  45  4:09  Gateway  
  45  4:13  Probe x2, Phoenix  
  49  4:24  Phoenix  
  51  4:25  Probe x2  
  51  4:28  Pylon  
  53  4:32  Pylon  
  53  4:35  Pylon  
  53  4:39  Probe  
  54  4:46  Probe, Phoenix  
  54  4:50  Assimilator  
  54  4:51  Assimilator, Probe  
  58  4:56  Nexus  
  58  4:58  Probe  
  59  5:03  Probe  
  60  5:10  Probe  
  61  5:15  Probe  
  62  5:22  Probe  
  62  5:24  Phoenix x2, Pylon  
  62  5:25  Probe  
  62  5:26  Pylon  
  68  5:30  Probe  
  68  5:33  Probe  
  69  5:38  Forge, Probe  
  69  5:41  Cybernetics Core, Probe  
  70  5:49  Probe, Phoenix x2  
  76  5:52  Assimilator  
  76  5:54  Probe  
  76  5:55  Assimilator  
  78  6:01  Probe  
  79  6:06  Probe  
  80  6:13  Probe, Phoenix  
  80  6:16  Protoss Shields Level 1  
  80  6:17  Protoss Air Armor Level 1  
  83  6:19  Protoss Air Weapons Level 1  
  83  6:20  Phoenix  
  85  6:38  Phoenix  
  81  6:49  Phoenix  
  81  6:52  Probe  
  81  6:53  Probe x2  
  86  6:59  Photon Cannon  
  86  7:01  Photon Cannon  
  86  7:03  Phoenix  
  86  7:04  Photon Cannon, Probe  
  86  7:06  Photon Cannon  
  86  7:07  Photon Cannon  
  89  7:13  Phoenix  
  89  7:14  Probe x2  
  91  7:17  Probe  
  91  7:21  Nexus  
  92  7:23  Pylon  
  92  7:28  Phoenix  
  94  7:31  Probe x3  
  97  7:38  Phoenix  
  97  7:43  Probe  
  100  7:48  Probe x2  
  102  7:53  Phoenix  
  104  8:00  Twilight Council  
  104  8:01  Fleet Beacon  
  104  8:03  Phoenix  
  106  8:10  Photon Cannon  
  106  8:12  Photon Cannon  
  106  8:13  Photon Cannon  
  106  8:14  Photon Cannon  
  106  8:15  Photon Cannon  
  106  8:16  Photon Cannon  
  106  8:17  Photon Cannon  
  106  8:18  Photon Cannon  
  106  8:20  Phoenix  
  106  8:21  Pylon  
  108  8:28  Phoenix  
  108  8:31  Protoss Air Weapons Level 2, Protoss Air Armor Level 2, Protoss Shields Level 2  
  110  8:35  Assimilator  
  110  8:39  Assimilator  
  106  8:44  Phoenix  
  108  8:53  Phoenix  
  110  9:21  Anion Pulse-Crystals  
  110  9:25  Stargate  
  110  9:28  Stargate  
  110  9:30  Stargate  
  110  9:32  Robotics Facility  
  110  9:57  Carrier  
  110  9:58  Nexus  
  110  10:01  Pylon  
  110  10:04  Pylon  
  110  10:05  Carrier  
  110  10:06  Assimilator  
  120  10:10  Assimilator  
  120  10:26  Photon Cannon  
  120  10:28  Carrier x3  
  119  10:34  Probe x2  
  139  11:03  Photon Cannon  
  139  11:04  Observer  
  140  11:05  Photon Cannon  
  140  11:07  Photon Cannon  
  140  11:09  Robotics Bay  
  140  11:10  Photon Cannon  
  140  11:11  Photon Cannon, Stargate  
  140  11:13  Stargate  
  140  11:14  Photon Cannon  
  140  11:15  Stargate  
  140  11:16  Photon Cannon  
  140  11:17  Photon Cannon  
  152  11:18  Carrier x2  
  152  11:25  Observer  
  153  11:46  Photon Cannon  
  153  11:48  Photon Cannon  
  153  11:50  Photon Cannon  
  153  12:11  Carrier  
  156  12:23  Carrier  
  156  12:33  Carrier  
  168  12:40  Pylon x2  
  168  12:42  Pylon  
  168  12:43  Gravitic Boosters  
  194  13:32  Pylon  
Tags
 
Add a new tag
Caveats
  • Supply blocks, unpowered buildings, or Contaminate may cause inaccurate times.
  • Supply counts are checked every 10 seconds.